 Dungeon Crawl Stone Soup version 0.29-a0-369-gd956c00756 (webtiles) character file.

Game seed: 8989340772221030211

100281 holysushi the Spry (level 16, 0/103 HPs)
             Began as a Kobold Monk on May 1, 2022.
             Was the Champion of Dithmenos.
             Slain by a salamander
             ... wielding a +2 halberd of flaming
              (12 damage)
             ... on level 2 of the Snake Pit.
             The game lasted 00:33:43 (22107 turns).

holysushi the Spry (Kobold Monk)                   Turns: 22107, Time: 00:33:44

Health: 0/103      AC:  9    Str:  8    XL:     16   Next: 79%
Magic:  0/22       EV: 34    Int: 12    God:    Dithmenos [******]
Gold:   308        SH:  0    Dex: 25    Spells: 23/23 levels left

rFire   . . .      SeeInvis .   d - +6 rapier (vorpal)
rCold   . . .      Faith    .   (no shield)
rNeg    . . .      Spirit   +   b - +0 steam dragon scales
rPois   +          Reflect  .   x - +0 helmet
rElec   .          Harm     .   E - scarf {+Inv}
rCorr   .          Rampage  .   m - +1 pair of gloves
Will    +....                   e - +0 pair of boots Stlth *****+++++
                                n - amulet of guardian spirit
HPRegen 0.27/turn               s - ring of poison resistance
MPRegen 0.18/turn               G - +4 ring of slaying

@: weakened, wreathed by umbra
A: small, no large weapons, nightstalker 3
a: Renounce Religion, Evoke Invisibility, Shadow Step, Shadow Form


You were on level 2 of the Snake Pit.
You worshipped Dithmenos.
Dithmenos was exalted by your worship.
You visited 4 branches of the dungeon, and saw 21 of its levels.
You also visited: Bailey and Volcano.

You collected 1990 gold pieces.
You spent 1682 gold pieces at shops.

Inventory:

Hand Weapons
 d - a +6 vorpal rapier (weapon)
 h - the +2 hand axe of Cowardice {venom, +Blink rN+}
   (You found it on level 7 of the Dungeon)

   It poisons the flesh of those it strikes.
   rN:        It protects you from negative energy.
   +Blink:    It lets you blink.
 C - the +8 quick blade "Ogre's Bane" {freeze, rF- rCorr Dex+3}
   (You acquired it in a bailey)

   It freezes those it strikes, dealing additional cold damage.
   It can also slow down cold-blooded creatures.
   Dex:       It affects your dexterity (+3).
   rF:        It makes you vulnerable to fire.
   rCorr:     It protects you from acid and corrosion.
Armour
 a - a +2 buckler
 b - +0 steam dragon scales (worn)
 e - a +0 pair of boots (worn)
 i - +0 fire dragon scales
 m - a +1 pair of gloves (worn)
 x - a +0 helmet (worn)
 E - a scarf of invisibility (worn)
 P - a +0 troll leather armour
Jewellery
 l - a ring of magical power
 n - an amulet of guardian spirit (around neck)
 q - a +4 ring of slaying
 s - a ring of poison resistance (left hand)
 t - a +4 ring of protection
 w - a +6 ring of strength
 G - a +4 ring of slaying (right hand)
 M - an amulet of the acrobat
 N - a ring of flight
Wands
 f - a wand of iceblast (34)
 u - a wand of polymorph (5)
 F - a wand of digging (7)
 S - a wand of acid (14)
 T - a wand of paralysis (5)
 Z - a wand of flame (63)
Scrolls
 r - 12 scrolls of teleportation
 v - a scroll of vulnerability
 y - a scroll of fear
 D - 6 scrolls of fog
 H - 8 scrolls of identify
 K - 4 scrolls of immolation
 L - 3 scrolls of blinking
 O - 2 scrolls of magic mapping
 Q - a scroll of holy word
Potions
 c - a potion of ambrosia
 g - 12 potions of heal wounds
 j - 6 potions of curing
 k - 7 potions of brilliance
 o - 5 potions of mutation
 p - 3 potions of might
 z - 3 potions of haste
 A - 2 potions of cancellation
 I - 2 potions of berserk rage
 J - 2 potions of invisibility
 U - 3 potions of attraction
 W - 4 potions of lignification
 X - 4 potions of magic
Miscellaneous
 B - a box of beasts
 V - a lightning rod (4/4)
 Y - a phantom mirror


   Skills:
 + Level 12.9 Fighting
 - Level 16.7 Short Blades
 + Level 18.7 Dodging
 + Level 17.0 Stealth
 - Level 4.0 Spellcasting
 * Level 10.7 Evocations


You had 23 spell levels left.
You didn't know any spells.
Your spell library contained the following spells:

 Spells                   Type           Power      Damage    Failure   Level
 Freeze                   Ice            8%         1d3       22%         1
 Shock                    Conj/Air       8%         1d3       22%         1
 Slow                     Hex            8%         N/A       22%         1
 Ensorcelled Hibernation  Hex/Ice        4%         N/A       32%         2
 Passwall                 Tmut/Erth      1%         N/A       32%         2
 Static Discharge         Conj/Air       2%         N/A       32%         2
 Call Canine Familiar     Summ           2%         N/A       54%         3
 Confusing Touch          Hex            2%         N/A       54%         3
 Conjure Flame            Conj/Fire      2%         6-21      54%         3
 Dazzling Flash           Conj/Hex       4%         N/A       54%         3
 Frozen Ramparts          Ice            4%         1d2       54%         3
 Gell's Gravitas          Tloc           2%         N/A       54%         3
 Lesser Beckoning         Tloc           2%         N/A       54%         3
 Portal Projectile        Hex/Tloc       4%         N/A       54%         3
 Swiftness                Air            2%         N/A       54%         3
 Teleport Other           Tloc           2%         N/A       54%         3
 Vampiric Draining        Necr           2%         2d6       54%         3
 Airstrike                Air            1%         N/A       91%         4
 Cause Fear               Hex            1%         N/A       91%         4
 Dispel Undead            Necr           2%         3d7       91%         4
 Hailstorm                Conj/Ice       2%         3d3       91%         4
 Ice Form                 Ice/Tmut       2%         N/A       91%         4
 Leda's Liquefaction      Hex/Erth       1%         N/A       91%         4
 Passage of Golubria      Tloc           2%         N/A       91%         4
 Sticky Flame             Conj/Fire      2%         2d3       91%         4
 Alistair's Intoxication  Tmut/Pois      1%         N/A       99%         5
 Irradiate                Conj/Tmut      1%         3d13      99%         5
 Silence                  Hex/Air        1%         N/A       99%         5
 Dispersal                Tloc           1%         N/A       100%        6
 Simulacrum               Ice/Necr       1%         N/A       100%        6
 Dragon Form              Tmut           1%         N/A       100%        7
 Lehudib's Crystal Spear  Conj/Erth      1%         10d2      100%        8
 Necromutation            Tmut/Necr      1%         N/A       100%        8
 Dragon's Call            Summ           1%         N/A       100%        9


Dungeon Overview and Level Annotations

Branches:
Dungeon (12/15)            Temple (1/1) D:5            Lair (6/6) D:11
 Shoals (0/4) Lair:2        Snake (1/4) Lair:2        Slime (0/5) Lair:5
    Orc (0/2) D:10         Bailey (visited)         Volcano (visited)

Altars:
Ashenzari
Cheibriados
Dithmenos
Elyvilon
Fedhas
Gozag
Hepliaklqana
Kikubaaqudgha
Makhleb
Nemelex Xobeh
Okawaru
Qazlal
Ru
Trog
Uskayaw
Vehumet
Wu Jian
Xom
Yredelemnul
Zin
The Shining One
Jiyva

Shops:
D:4 (   Snake:1 *

Portals:
Bazaar: Snake:2

Annotations:
D:10 exclusion: downstairs


Innate Abilities, Weirdness & Mutations

You are small and have problems with some larger weapons.
You are completely attuned to the shadows.


Message History

The black mamba completely misses you.
Unknown command.
You closely miss the black mamba.
The black mamba is moderately wounded.
Your shadow hits the black mamba with a rapier!
The black mamba bites you!
* * * LOW HITPOINT WARNING * * *
Unknown command.
Aiming: Corrosive Bolt
Press: ? - help, Shift-Dir - straight line The bolt of acid misses the black mamba.
The bolt of acid hits the salamander!!
The salamander seems to be corroded for longer.
You kill the salamander!
Dithmenos accepts your kill. The black mamba closely misses you.
You puncture the black mamba!
The black mamba is almost dead.
The black mamba completely misses you.
Unknown command.
Save game and exit? [Y]es or [N]o only, please.
Save game and exit?
Okay, then.
Unknown command.
Aiming: Corrosive Bolt
Press: ? - help, Shift-Dir - straight line, f - salamander
Aim: a salamander (black smoke, moderately wounded, umbra, 85% to hit)
The bolt of acid hits the black mamba!
The acid corrodes the black mamba!
You kill the black mamba!
Dithmenos accepts your kill.
The bolt of acid hits the salamander!!
The salamander seems to be corroded for longer.
The salamander is almost dead.
The bolt of acid hits the salamander!!
The acid corrodes the salamander!
The salamander is severely wounded.
The salamander hits you from afar with a +2 halberd of flaming!
* * * LOW HITPOINT WARNING * * *
You are engulfed in flames!
You die...

### #.........#
..####.......##
..............##
....####.###...#
##### ### ##..##
##...### # ##..#
#......#
#..###......#
##..#.......#
##@#.......##
#N†N.N..†..#
##.).§§§...#
#...§§§§N§##
#......N§N§#
#.....§§§§.#
.....§§.#
.....§§§#
.....§..#


You could see 2 salamanders and a naga mage (fast).

Vanquished Creatures
  Mlioglotl (Snake:2)
  A war gargoyle (D:12)
  A minotaur (shapeshifter) (D:12)
  3 fire dragons
  6 hydras
  Erolcha (D:11)
  A salamander tyrant (Snake:2)
  Erica (D:8)
  A two-headed ogre (D:10)
  An anaconda (Snake:2)
  4 catoblepae
  A boulder beetle (D:12)
  A centaur warrior (D:12)
  A naga warrior (Snake:1)
  10 death yaks
  5 sun demons (Volcano)
  A salamander mystic (Snake:2)
  A wizard (D:11)
  An orc knight (Bailey)
  2 ugly things
  A wolf spider (Lair:6)
  An orc sorcerer (Bailey)
  A salamander (Snake:2)
  4 manticores
  3 cyclopes (D:11)
  Maurice (D:8)
  4 elephants (Lair:1)
  7 black mambas
  3 smoke demons (Volcano)
  9 cane toads
  2 gargoyles
  Maggie (D:7)
  2 rime drakes (Lair:6)
  A torpor snail (Lair:1)
  A kobold demonologist (Bailey)
  An efreet (D:12)
  2 unseen horrors
  10 komodo dragons
  5 trolls
  Grinder (D:3)
  A polar bear (Lair:2)
  Prince Ribbit (D:7)
  9 blink frogs
  4 slime creatures (D:12)
  Sigmund (D:2)
  A wraith (D:11)
  59 yaks
  A vampire (D:12)
  4 wyverns
  3 shadows
  5 steam dragons (Volcano)
  Eustachio (D:5)
  3 basilisks
  4 vampire mosquitoes (D:10)
  Menkaure (D:4)
  Edmund (D:5)
  15 water moccasins
  3 acid dragons
  3 hell hounds
  6 nagas
  An ice beast (D:6)
  A black bear (D:6)
  18 orc warriors
  An ogre (D:6)
  27 wolves
  5 centaurs
  A phantom (D:6)
  2 kobold brigands
  2 gnoll sergeants
  10 bullfrogs
  6 scorpions
  A necrophage (D:5)
  6 wights
  9 howler monkeys
  7 electric eels
  8 hounds
  4 jellies
  4 orc priests
  A gnoll shaman (D:6)
  7 hell rats (Lair:4)
  7 iguanas
  5 orc wizards
  Robin (D:4)
  19 gnolls
  9 adders
  2 river rats (Lair:4)
  A shadow imp (D:8)
  6 white imps
  2 ufetubi
  A worm (D:2)
  48 orcs
  2 bats
  8 endoplasms
  2 giant cockroaches
  22 goblins
  11 hobgoblins
  14 kobolds
  6 frilled lizards
  8 rats
  A plant (Lair:6)
526 creatures vanquished.

Vanquished Creatures (others)
  An unseen horror (D:11)
  11 fungi
  18 plants
30 creatures vanquished.

Grand Total: 556 creatures vanquished

Notes
Turn   | Place    | Note
-------+----------+-------------------------------------------
     0 | D:1      | holysushi the Kobold Monk began the quest for the Orb.
     0 | D:1      | Reached XP level 1. HP: 14/14 MP: 1/1
   662 | D:1      | Reached XP level 2. HP: 19/19 MP: 2/2
  1381 | D:2      | Found a faded altar of an unknown god.
  1410 | D:2      | Reached XP level 3. HP: 24/24 MP: 3/3
  1448 | D:2      | Reached skill level 5 in Short Blades
  1538 | D:2      | Noticed Sigmund
  1541 | D:2      | Killed Sigmund
  1542 | D:2      | Reached skill level 5 in Dodging
  1542 | D:2      | Reached XP level 4. HP: 30/30 MP: 4/4
  1542 | D:2      | Reached XP level 5. HP: 34/34 MP: 5/5
  1542 | D:2      | Reached XP level 6. HP: 39/39 MP: 6/6
  1789 | D:2      | Identified the +3 scale mail "Heifiz" {Stlth+}
  2796 | D:3      | Noticed Grinder
  2807 | D:3      | Killed Grinder
  2808 | D:3      | Reached skill level 5 in Fighting
  2808 | D:3      | Reached skill level 6 in Dodging
  2808 | D:3      | Reached XP level 7. HP: 36/44 MP: 7/7
  3865 | D:4      | Reached skill level 7 in Dodging
  3874 | D:4      | Noticed Menkaure
  3878 | D:4      | Killed Menkaure
  4075 | D:4      | Noticed Robin
  4084 | D:4      | Killed Robin
  4143 | D:4      | Found Muido's Weapon Emporium.
  4259 | D:4      | Reached XP level 8. HP: 50/50 MP: 8/8
  4480 | D:5      | Entered Level 5 of the Dungeon
  4486 | D:5      | Noticed a yak
  4486 | D:5      | Noticed a yak
  4488 | D:5      | Noticed a yak
  4488 | D:5      | Noticed a yak
  4488 | D:5      | Noticed a yak
  4504 | D:4      | Killed a yak
  4505 | D:4      | Reached skill level 8 in Dodging
  4685 | D:4      | Killed a yak
  4691 | D:4      | Killed a yak
  4752 | D:4      | Reached skill level 9 in Dodging
  4907 | D:5      | Reached XP level 9. HP: 56/56 MP: 9/9
  4957 | D:5      | Noticed Edmund
  4972 | D:5      | Killed Edmund
  5067 | D:5      | Reached skill level 10 in Dodging
  5234 | D:5      | Found a staircase to the Ecumenical Temple.
  5453 | D:5      | Reached skill level 5 in Stealth
  5528 | D:5      | Noticed Eustachio
  5532 | D:5      | Killed Eustachio
  5987 | Temple   | Entered the Ecumenical Temple
  6216 | Temple   | Became a worshipper of Dithmenos the Shadowed
  6216 | Temple   | Reached * piety under Dithmenos
  6216 | Temple   | Reached ** piety under Dithmenos
  6379 | D:6      | Reached XP level 10. HP: 62/63 MP: 10/10
  6384 | D:6      | Reached skill level 11 in Dodging
  6446 | D:6      | Identified the +5 quarterstaff "Pomewot" {vorpal, rF+++
                  | Int+2 Dex-4 Stlth-}
  7042 | D:6      | Found a shimmering altar of Xom.
  7071 | D:6      | Found a stormy altar of Qazlal.
  7287 | D:7      | Noticed Maggie
  7306 | D:7      | Killed Maggie
  7307 | D:7      | Reached skill level 10 in Short Blades
  7398 | D:7      | Found a flagged portal.
  7464 | D:7      | Identified the +2 hand axe of Cowardice {venom, +Blink rN+}
  7468 | Bailey   | Entered a bailey
  7499 | Bailey   | Reached skill level 12 in Dodging
  7615 | Bailey   | Reached *** piety under Dithmenos
  7831 | Bailey   | Noticed an orc knight
  7863 | Bailey   | Killed an orc knight
  8018 | Bailey   | Noticed a kobold demonologist
  8093 | Bailey   | Killed a kobold demonologist
  8100 | Bailey   | Found an iron altar of Okawaru.
  8129 | Bailey   | Reached XP level 11. HP: 61/69 MP: 11/11
  8132 | Bailey   | Noticed an orc sorcerer
  8137 | Bailey   | Paralysed by an orc sorcerer for 6 turns
  8147 | Bailey   | Killed an orc sorcerer
  8265 | Bailey   | Reached skill level 15 in Stealth
  8265 | Bailey   | Reached XP level 12. HP: 63/75 MP: 12/12
  8563 | Bailey   | Acquired the +8 quick blade "Ogre's Bane" {freeze, rF-
                  | rCorr Dex+3}
  8600 | D:7      | Noticed Prince Ribbit
  8616 | D:7      | Killed Prince Ribbit
  8617 | D:7      | Reached skill level 13 in Dodging
  8809 | D:7      | Found Lishryemm's Distillery.
  8815 | D:7      | Bought a potion of invisibility for 104 gold pieces
  8815 | D:7      | Bought a potion of heal wounds for 65 gold pieces
  8815 | D:7      | Bought a potion of heal wounds for 65 gold pieces
  8815 | D:7      | Bought a potion of mutation for 104 gold pieces
  8815 | D:7      | Bought a potion of curing for 39 gold pieces
  8842 | D:7      | Got the Collected Works on Changing
  9174 | D:8      | Reached **** piety under Dithmenos
  9269 | D:8      | Found the +8 trident of the Octopus King {venom, rElec
                  | rPois}
  9378 | D:8      | Noticed Maurice
  9398 | D:8      | Killed Maurice
  9757 | D:8      | Noticed Erica
  9761 | D:8      | Killed Erica
  9843 | D:8      | Found a bloodstained altar of Trog.
  9848 | D:8      | Found a hazy altar of Hepliaklqana.
 10210 | D:9      | Identified the +0 scale mail of Ora Penk {rF+ Str-5 Int+7}
 10502 | D:10     | Entered Level 10 of the Dungeon
 10651 | D:10     | Reached skill level 14 in Dodging
 11039 | D:10     | Reached ***** piety under Dithmenos
 11182 | D:10     | Found a staircase to the Orcish Mines.
 11550 | D:11     | Found a white marble altar of Elyvilon.
 11573 | D:11     | Noticed a two-headed ogre
 11586 | D:11     | Noticed Erolcha
 11612 | D:10     | Killed a two-headed ogre
 11613 | D:10     | Reached skill level 10 in Fighting
 11613 | D:10     | Reached XP level 13. HP: 70/82 MP: 13/13
 11839 | D:11     | Noticed a fire dragon
 12190 | D:11     | Reached skill level 1 in Spellcasting
 12234 | D:11     | Reached skill level 15 in Dodging
 12300 | D:11     | Found a staircase to the Lair.
 12303 | D:11     | Killed a fire dragon
 12852 | D:11     | Killed Erolcha
 12897 | Lair:1   | Entered Level 1 of the Lair of Beasts
 13117 | Lair:1   | Reached skill level 15 in Short Blades
 14030 | Lair:2   | Found an ornate altar of the Wu Jian Council.
 14077 | Lair:2   | Reached skill level 16 in Dodging
 14193 | Lair:2   | Reached XP level 14. HP: 79/90 MP: 19/19
 14341 | Lair:2   | Found a staircase to the Snake Pit.
 14660 | Lair:2   | Found a staircase to the Shoals.
 15503 | Lair:3   | Reached ****** piety under Dithmenos
 16917 | Lair:5   | Got the Guide on Battle Magic and the Mountains
 17405 | Lair:5   | Found a runed translucent door.
 17406 | Lair:5   | Found a viscous altar of Jiyva.
 17409 | Lair:5   | Reached skill level 17 in Dodging
 17409 | Lair:5   | Reached skill level 1 in Evocations
 17425 | Lair:5   | Found a staircase to the Slime Pits.
 18014 | Lair:6   | Entered Level 6 of the Lair of Beasts
 18351 | Lair:6   | Found a dark tunnel.
 18367 | Volcano  | Entered a volcano
 18692 | Volcano  | Reached XP level 15. HP: 85/96 MP: 21/21
 18897 | Volcano  | Reached skill level 5 in Evocations
 18933 | Volcano  | Reached XP level 16. HP: 70/101 MP: 22/22
 19529 | Lair:6   | Reached skill level 10 in Evocations
 19545 | Lair:6   | Reached skill level 18 in Dodging
 19744 | Lair:6   | Identified the +0 pair of boots of Tamiybb {Int+4}
 21659 | D:12     | Identified the +5 short sword "Xoicled" {protect, Contam
                  | Will+ rCorr Dex+2}
 21870 | Snake:1  | Entered Level 1 of the Snake Pit
 21941 | Snake:1  | Found Tyuzewn's Overcharged Wands.
 21947 | Snake:1  | Bought a wand of flame (40) for 315 gold pieces
 21947 | Snake:1  | Bought a wand of iceblast (18) for 330 gold pieces
 21947 | Snake:1  | Bought a wand of acid (18) for 660 gold pieces
 21971 | Snake:1  | You fall into a shaft and drop 1 floor!
 21999 | Snake:2  | Found a flickering gateway to a bazaar.
 22057 | Snake:2  | Noticed Mlioglotl
 22061 | Snake:2  | Killed Mlioglotl
 22107 | Snake:2  | Slain by a salamander

Illustrated notes

Levels and vault maps discovered:
D:1:      dpeg_arrival_solitude, layout_basic, st_stairs_10, corner_web_ring,
          minmay_tripent
D:2:      layout_loops_corners, hellmonk_ecumenical_altar_crossroads,
          minivault_23, uniq_sigmund
D:3:      layout_basic, uniq_grinder
D:4:      layout_basic, serial_shops, shop, kennysheep_generic_room_6,
          uniq_menkaure, uniq_robin
D:5:      layout_loops_ring, minmay_temple_entry_purple_smoke, uniq_eustachio,
          uniq_edmund
D:6:      layout_basic, mainiacjoe_overflow_two_lobes
D:7:      layout_loops_ring, serial_shops, nicolae_shop_trees, enter_bailey_2,
          kennysheep_generic_room_5, uniq_maggie, uniq_prince_ribbit1
D:8:      layout_cave_pools, amethyst_overflow_temple_binary,
          lemuel_old_faithful, uniq_erica, uniq_maurice
D:9:      layout_basic, nicolae_overflow_hidden_temple
D:10:     layout_roguey, hiddenorc1_lemuel
D:11:     minmay_bloctagon, layout_rooms, minmay_lair_entry_lava,
          elyvilon_altar_3, uniq_erolcha
D:12:     layout_irregular_city, minmay_checkered_concentric_circles
Temple:   nicolae_temple_elliptical
Lair:1:   hellmonk_ruined_rings, layout_regular_city,
          nicolae_quartered_pool_little
Lair:2:   layout_misc_corridors, elwin_shoals_entry_rooms,
          minmay_snake_entry_guardpost_small, basic_altar, serial_bayou_shore_a,
          infiniplex_staircase_pool_2
Lair:3:   layout_gridlike
Lair:4:   layout_regular_city, kennysheep_abandoned_house
Lair:5:   dragon1_lemuel, layout_small_grid, slime_altar_2,
          infiniplex_staircase_pool
Lair:6:   evilmike_catoblepas_cave, layout_regular_city, enter_volcano_3
Snake:1:  layout_cave_pods, serial_shops, shop_statue,
          nicolae_shop_overcharged_wands
Snake:2:  layout_cave_pods, serial_shops, bzr_entry_water,
          nicolae_coiled_stairwell_down, uniq_mlioglotl, uniq_vashnia,
          uniq_azrael

Skill      XL: |  1  2  3  4  5  6  7  8  9 10 11 12 13 14 15 16 |
---------------+-------------------------------------------------+-----
Short Blades   | 5 6 7 8 9 11 13 15 16 | 16.7
Fighting       | 4 5 6 7 8 10 11 12 | 12.9
Dodging        | 5 6 7 9 10 12 14 16 17 18 | 18.7
Stealth        | 5 7 15 16 17 | 17.0
Spellcasting   | 3 4 |  4.0
Evocations     | 4 9 10 | 10.7

Action                   |  1- 3 |  4- 6 |  7- 9 | 10-12 | 13-15 | 16-18 || total
-------------------------+-------+-------+-------+-------+-------+-------++-------
Melee: Rapier            |    24 |    43 |   172 |   215 |    80 |    36 ||   570
       Punch             |       |       |     5 |    11 |     7 |     2 ||    25
       Quick blade       |       |       |       |   346 |   493 |   178 ||  1017
Evoke: Wand              |       |       |       |     1 |       |     8 ||     9
       Box of beasts     |       |       |       |       |     1 |       ||     1
  Use: Scroll            |       |       |     7 |     9 |    11 |     1 ||    28
       Potion            |       |       |       |     4 |     4 |     1 ||     9
 Stab: Sleeping          |     9 |    11 |    18 |    30 |    79 |    30 ||   177
       Distracted        |       |       |     1 |     5 |     3 |     3 ||    12
Armor: Robe              |     1 |     4 |    24 |     8 |       |       ||    37
       Steam dragon scal |       |       |       |    29 |    27 |     6 ||    62
Dodge: Dodged            |     8 |    18 |   109 |   371 |   312 |   110 ||   928

Table legend: (Time is in decaauts)
 A = Elapsed time spent in this place.
 B = Non-inter-level travel time spent in this place.
 C = Inter-level travel time spent in this place.
 D = Time resting spent in this place.
 E = Time spent auto-exploring this place.
 F = Levels seen in this place.
 G = Mean time per level.
                   A        B        C        D        E       F      G
               +--------+--------+--------+--------+--------+-----+--------+
         Total |  21239 |  20295 |    944 |   1924 |  14370 |  23 |  923.4 |
       Dungeon |  12208 |  11583 |    625 |    910 |   8548 |  12 | 1017.3 |
        Temple |    249 |    221 |     28 |      0 |    205 |   1 |  249.0 |
          Lair |   6699 |   6410 |    289 |    406 |   4978 |   6 | 1116.5 |
     Snake Pit |    222 |    222 |      0 |      0 |    146 |   2 |  111.0 |
        Bailey |   1080 |   1080 |      0 |    310 |    311 |   1 | 1080.0 |
       Volcano |    779 |    779 |      0 |    298 |    181 |   1 |  779.0 |
               +--------+--------+--------+--------+--------+-----+--------+

Top non-repeatable levels by time:
  Lair:6: 1636 daAuts
     D:1: 1308 daAuts
     D:5: 1246 daAuts
    D:10: 1221 daAuts
     D:2: 1192 daAuts
     D:3: 1152 daAuts
     D:4: 1095 daAuts
  Lair:5: 1090 daAuts
  Bailey: 1080 daAuts
  Lair:2: 1063 daAuts
  Lair:4: 1049 daAuts
  Lair:1: 1040 daAuts
    D:12: 1029 daAuts
    D:11: 1010 daAuts
     D:6: 971 daAuts
